 Dungeon Crawl Stone Soup version 0.31.0-11-ge490571c62 (webtiles) character file.

Game seed: 11936702754942854858

1362 Ashen the Sneak (level 8, -14/54 (59) HPs)
             Began as a Gnoll Enchanter on Feb 5, 2024.
             Demolished by a two-headed ogre
             ... wielding a +0 giant spiked club
              (26 damage)
             ... on level 5 of the Dungeon.
             The game lasted 00:16:03 (6041 turns).

Ashen the Sneak (Gnoll Enchanter)                   Turns: 6041, Time: 00:16:04

HP:   -14/54 (59)   AC:  3    Str:  7    XL:     8   Next: 64%
MP:   1/17          EV: 15    Int: 14    God:
Gold: 148           SH:  0    Dex: 16    Spells: 8/19 levels left

rFire   . . .        a - +1 dagger
rCold   . . .        (no shield)
rNeg    . . .        b - +0 robe
rPois   +            (no helmet)
rElec   .            j - +0 cloak {rPois}
rCorr   .            (no gloves)
SInv    .            (no boots)
Will    +....        (no amulet)
Stlth   ++++         k - ring of willpower
HPRegen 0.29/turn    (no ring)
MPRegen 0.15/turn

%: no passive effects
@: very slightly contaminated, drained
A: fangs 1, strong nose, distributed training
a: no special abilities


You were on level 5 of the Dungeon.
You visited 1 branch of the dungeon, and saw 5 of its levels.
You also visited: Ossuary.

You collected 148 gold pieces.

Inventory:

Hand Weapons
 a - a +1 dagger (weapon)
Armour
 b - a +0 robe (worn)
 j - a +0 cloak of poison resistance (worn)
Jewellery
 k - a ring of willpower (left hand)
 r - a ring of positive energy
Wands
 p - a wand of mindburst (11)
Scrolls
 f - a scroll of fog {unknown}
 g - 7 scrolls of identify {unknown}
 h - a scroll of revelation {unknown}
 l - 3 scrolls of vulnerability {unknown}
 n - a scroll of immolation {unknown}
 s - 2 scrolls of teleportation {unknown}
 v - a scroll of amnesia {unknown}
 w - a scroll of blinking {unknown}
 x - a scroll of noise {unknown}
 y - a scroll of poison {unknown}
Potions
 c - 3 potions of invisibility
 d - a potion of heal wounds {unknown}
 e - a potion of brilliance {unknown}
 i - a potion of curing
 m - 2 potions of lignification {unknown}
 o - 2 potions of enlightenment {unknown}
 q - a potion of might {unknown}
 t - 2 potions of attraction {unknown}
 u - 2 potions of degeneration {unknown}


   Skills:
 + Level 3.6 Fighting
 + Level 4.5 Short Blades
 + Level 3.6 Long Blades
 + Level 3.6 Axes
 + Level 3.6 Maces & Flails
 + Level 3.6 Polearms
 + Level 3.6 Staves
 + Level 3.6 Ranged Weapons
 + Level 3.6 Throwing
 + Level 3.6 Armour
 + Level 5.9 Dodging
 + Level 7.0 Stealth
 + Level 3.6 Shields
 + Level 3.6 Unarmed Combat
 + Level 6.2 Spellcasting
 + Level 2.9 Conjurations
 + Level 6.2 Hexes
 + Level 2.9 Summonings
 + Level 2.9 Necromancy
 + Level 2.9 Translocations
 + Level 2.9 Fire Magic
 + Level 2.9 Ice Magic
 + Level 2.9 Air Magic
 + Level 2.9 Earth Magic
 + Level 2.9 Alchemy
 + Level 4.0 Invocations
 + Level 3.6 Evocations
 + Level 3.2 Shapeshifting


You had 8 spell levels left.
You knew the following spells:

 Your Spells              Type           Power      Damage    Failure   Level
a - Ensorcelled Hibernat  Hex/Ice        34%        N/A       3%          2
b - Confusing Touch       Hex            21%        N/A       3%          3
c - Tukima's Dance        Hex            21%        N/A       3%          3
d - Dazzling Flash        Conj/Hex       34%        N/A       7%          3

Your spell library contained the following spells:

 Spells                   Type           Power      Damage    Failure   Level
 Jinxbite                 Hex            42%        N/A       1%          2
 Apportation              Tloc           24%        N/A       4%          1
 Kiss of Death            Conj/Necr      48%        2d9       4%          1
 Inner Flame              Hex/Fire       17%        N/A       7%          3
 Ozocubu's Armour         Ice            12%        N/A       14%         3
 Passwall                 Erth           12%        N/A       14%         3
 Swiftness                Air            12%        N/A       14%         3
 Volatile Blastmotes      Fire/Tloc      24%        2d12      14%         3
 Dispel Undead            Necr           12%        3d9       41%         4
 Metabolic Englaciation   Hex/Ice        8%         N/A       54%         5
 Alistair's Intoxication  Alch           8%         N/A       77%         5
 Irradiate                Conj/Alch      6%         3d13      77%         5
 Sculpt Simulacrum        Ice/Alch       6%         N/A       100%        6
 Starburst                Conj/Fire      6%         6d4       100%        6
 Ignition                 Fire           6%         3d4       100%        8
 Maxwell's Capacitive Co  Air            6%         ∞         100%        8


Dungeon Overview and Level Annotations

Branches:
Dungeon (5/15)            Ossuary (visited)
 Temple: D:4-7

Altars:

Annotations:
D:3 1 runed translucent door, Crazy Yiuf


Innate Abilities, Weirdness & Mutations

You have very sharp teeth.
Your uncanny sense of smell can sniff out nearby items.
Your experience applies equally to all skills.


Message History

Confirm with . or Enter, or press ? or * to list all spells.
Aiming: Tukima's Dance (dangerous; 3% risk of failure)
Press: ? - help, Shift-Dir - straight line, f/p - two-headed ogre
Aim: a two-headed ogre, wielding a +0 giant spiked club (chance to affect: 36%)
The two-headed ogre easily resists.
Casting: Tukima's Dance (dangerous; 3% risk of failure)
Confirm with . or Enter, or press ? or * to list all spells.
Aiming: Tukima's Dance (dangerous; 3% risk of failure)
Press: ? - help, Shift-Dir - straight line, f/p - two-headed ogre
Aim: a two-headed ogre, wielding a +0 giant spiked club (chance to affect: 36%)
You miscast Tukima's Dance.
You are very lightly contaminated with residual magic.
Nothing appears to happen.
Casting: Tukima's Dance (dangerous; 3% risk of failure)
Confirm with . or Enter, or press ? or * to list all spells.
Aiming: Tukima's Dance (dangerous; 3% risk of failure)
Press: ? - help, Shift-Dir - straight line, f/p - two-headed ogre
Aim: a two-headed ogre, wielding a +0 giant spiked club (chance to affect: 36%)
The two-headed ogre easily resists.
Casting: Tukima's Dance (dangerous; 3% risk of failure)
Confirm with . or Enter, or press ? or * to list all spells.
Aiming: Tukima's Dance (dangerous; 3% risk of failure)
Press: ? - help, Shift-Dir - straight line, f/p - two-headed ogre
Aim: a two-headed ogre, wielding a +0 giant spiked club (chance to affect: 36%)
The two-headed ogre easily resists.
Casting: Tukima's Dance (dangerous; 3% risk of failure)
Confirm with . or Enter, or press ? or * to list all spells.
Aiming: Ensorcelled Hibernation (safe; 3% risk of failure)
Press: ? - help, Shift-Dir - straight line, f/p - two-headed ogre
Aim: a two-headed ogre, wielding a +0 giant spiked club (ally target, chance to affect: 32%)
The two-headed ogre easily resists.
The two-headed ogre wields a +0 giant spiked club.
The two-headed ogre closely misses you.
The two-headed ogre hits you with a +0 giant spiked club!
The two-headed ogre attacks as it pursues you!
The two-headed ogre hits you with a +0 giant spiked club!!
Ouch! That really hurt!
* * * LOW HITPOINT WARNING * * *
The two-headed ogre hits you with a +0 giant spiked club!!
You die...

..........8.8.8.
................
........8....
#.........## .
##.†...8...##..
#.....†.......
..###..........#$##
O.....8............
..###.....O@..$.##
##..$..##..##...
.#......(.#..# .
∆....8.#..##.##.#
........#.........
....#.8...........
........##...####
......8.#<...#
##.........#∆


You could see a two-headed ogre.

Vanquished Creatures
  Grinder (D:3)
  Edmund (D:4)
  A black bear (D:4)
  A weeping skull (Ossuary)
  A scorpion (D:5)
  6 water moccasin zombies (Ossuary)
  A bombardier beetle (D:3)
  2 hounds
  A spectral scorpion (Ossuary)
  Ijyb (D:3)
  Natasha (thrice) (D:4)
  2 orc wizards
  2 crocodile zombies (Ossuary)
  3 mummies
  3 adders
  2 adder zombies (Ossuary)
  3 dart slugs
  2 ribbon worms (D:2)
  16 orcs
  10 endoplasms
  2 giant cockroaches (D:2)
  10 gnoll zombies (Ossuary)
  5 goblins
  3 hobgoblins
  11 jackals
  6 quokkas
  11 ball pythons
  3 bats
  2 jackal zombies (Ossuary)
  10 kobolds
  5 orc zombies (Ossuary)
  4 rats
134 creatures vanquished.

Notes
Turn   | Place    | Note
-------+----------+-------------------------------------------
     0 | D:1      | Ashen the Gnoll Enchanter began the quest for the Orb.
     0 | D:1      | Reached XP level 1. HP: 13/13 MP: 6/6
   122 | D:1      | Reached XP level 2. HP: 19/19 MP: 7/7
   140 | D:1      | Learned a level 2 spell: Ensorcelled Hibernation
   601 | D:1      | Reached skill level 5 in Spellcasting
   601 | D:1      | Reached XP level 3. HP: 25/25 MP: 7/9
   730 | D:1      | Reached skill level 6 in Stealth
   981 | D:1      | Reached skill level 1 in Invocations
  1354 | D:2      | Learned a level 3 spell: Confusing Touch
  1358 | D:2      | Learned a level 3 spell: Tukima's Dance
  1362 | D:2      | Learned a level 3 spell: Dazzling Flash
  1531 | D:2      | Reached skill level 1 in Fighting
  1531 | D:2      | Reached skill level 1 in Long Blades
  1531 | D:2      | Reached skill level 1 in Axes
  1531 | D:2      | Reached skill level 1 in Maces & Flails
  1531 | D:2      | Reached skill level 1 in Polearms
  1531 | D:2      | Reached skill level 1 in Staves
  1531 | D:2      | Reached skill level 1 in Ranged Weapons
  1531 | D:2      | Reached skill level 1 in Throwing
  1531 | D:2      | Reached skill level 1 in Armour
  1531 | D:2      | Reached skill level 1 in Shields
  1531 | D:2      | Reached skill level 1 in Unarmed Combat
  1531 | D:2      | Reached skill level 1 in Evocations
  1691 | D:2      | Reached skill level 1 in Shapeshifting
  1691 | D:2      | Reached XP level 4. HP: 32/32 MP: 11/11
  2050 | D:3      | Noticed Grinder
  2053 | D:3      | Noticed Ijyb
  2176 | D:3      | Paralysed by Grinder for 5 turns
  2412 | D:3      | Killed Grinder
  2413 | D:3      | Reached skill level 5 in Dodging
  2413 | D:3      | Reached skill level 1 in Conjurations
  2413 | D:3      | Reached skill level 1 in Summonings
  2413 | D:3      | Reached skill level 1 in Necromancy
  2413 | D:3      | Reached skill level 1 in Translocations
  2413 | D:3      | Reached skill level 1 in Fire Magic
  2413 | D:3      | Reached skill level 1 in Ice Magic
  2413 | D:3      | Reached skill level 1 in Air Magic
  2413 | D:3      | Reached skill level 1 in Earth Magic
  2413 | D:3      | Reached skill level 1 in Alchemy
  2413 | D:3      | Reached XP level 5. HP: 24/38 MP: 5/12
  2413 | D:3      | Reached XP level 6. HP: 28/44 MP: 5/14
  2699 | D:3      | Killed Ijyb
  3251 | D:3      | Found a runed translucent door.
  3252 | D:3      | Noticed Crazy Yiuf
  3497 | D:4      | Noticed a black bear
  3505 | D:4      | Killed a black bear
  3506 | D:4      | Reached XP level 7. HP: 44/51 MP: 10/15
  3724 | D:4      | Found a sand-covered staircase.
  3742 | Ossuary  | Entered an ossuary
  4259 | Ossuary  | Reached XP level 8. HP: 55/58 MP: 12/16
  5177 | D:4      | Noticed Natasha
  5301 | D:4      | Noticed Edmund
  5308 | D:4      | Killed Edmund
  5344 | D:4      | Killed Natasha
  5345 | D:4      | Reached skill level 7 in Stealth
  5492 | D:4      | Noticed Natasha
  5496 | D:4      | Killed Natasha
  5810 | D:4      | Noticed Natasha
  5816 | D:4      | Killed Natasha
  5854 | D:5      | Entered Level 5 of the Dungeon
  5874 | D:5      | Noticed a two-headed ogre
  6041 | D:5      | Demolished by a two-headed ogre

Illustrated notes

Levels and vault maps discovered:
D:1:      co_arrival_random_square_maze, layout_basic
D:2:      layout_basic
D:3:      layout_rooms, uniq_ijyb, uniq_crazy_yiuf_cottage, uniq_grinder
D:4:      layout_loops_cross, gup_ossuary_entry_pyramid,
          kennysheep_cross_bottleneck, kennysheep_windowed_goal, uniq_edmund,
          uniq_natasha
D:5:      layout_cave_pools, serial_column_ruins, column_ruins_hut,
          column_ruins_columns_straight, column_ruins_columns_T,
          column_ruins_open_small, column_ruins_grid_3, column_ruins_open_tiny,
          minmay_manual_monstrance

Skill      XL: |  1  2  3  4  5  6  7  8 |
---------------+-------------------------+-----
Spellcasting   | 5 6 |  6.2
Stealth        | 6 7 |  7.0
Invocations    | 1 2 3 4 |  4.0
Fighting       | 1 2 3 |  3.6
Long Blades    | 1 2 3 |  3.6
Axes           | 1 2 3 |  3.6
Maces & Flails | 1 2 3 |  3.6
Polearms       | 1 2 3 |  3.6
Staves         | 1 2 3 |  3.6
Ranged Weapons | 1 2 3 |  3.6
Throwing       | 1 2 3 |  3.6
Armour         | 1 2 3 |  3.6
Shields        | 1 2 3 |  3.6
Unarmed Combat | 1 2 3 |  3.6
Evocations     | 1 2 3 |  3.6
Shapeshifting  | 1 2 3 |  3.2
Short Blades   | 3 4 |  4.5
Dodging        | 5 |  5.9
Conjurations   | 1 2 |  2.9
Summonings     | 1 2 |  2.9
Necromancy     | 1 2 |  2.9
Translocations | 1 2 |  2.9
Fire Magic     | 1 2 |  2.9
Ice Magic      | 1 2 |  2.9
Air Magic      | 1 2 |  2.9
Earth Magic    | 1 2 |  2.9
Alchemy        | 1 2 |  2.9
Hexes          | 6 |  6.2

Action                     |  1- 3 |  4- 6 |  7- 9 || total
---------------------------+-------+-------+-------++-------
  Melee: Dagger            |    73 |   144 |   330 ||   547
         Bite              |     8 |    15 |    52 ||    75
         Punch             |       |     1 |    18 ||    19
   Cast: Ensorcelled Hiber |    22 |    23 |    19 ||    64
         Confusing Touch   |       |     4 |    32 ||    36
         Dazzling Flash    |       |     3 |       ||     3
         Tukima's Dance    |       |       |     9 ||     9
  Evoke: Wand              |       |     3 |       ||     3
    Use: Potion            |       |       |     4 ||     4
   Stab: Sleeping          |    27 |    21 |    19 ||    67
         Confused          |       |     3 |    23 ||    26
         Invisible         |       |     3 |       ||     3
         Distracted        |       |     1 |       ||     1
 Armour: Robe              |    25 |    63 |   131 ||   219
  Dodge: Dodged            |    37 |   106 |   158 ||   301
